 Dungeon Crawl Stone Soup version 0.25.1-2-g60ff931 (webtiles) character file.

Game seed: 829605870364336979

53 Askren the Poker (level 3, -3/49 HPs)
             Began as a Draconian Berserker on Sept 11, 2020.
             Was a Believer of Trog.
             Slain by a worm (13 damage)
             ... on level 2 of the Dungeon.
             The game lasted 00:03:51 (1389 turns).

Askren the Poker (Draconian Berserker)              Turns: 1389, Time: 00:03:52

Health: -3/49      AC:  5    Str: 20    XL:     3   Next: 64%
Magic:  3/3        EV: 13    Int:  7    God:    Trog [**....]
Gold:   94         SH:  0    Dex: 10    Spells: 2/2 levels left

rFire    . . .     SeeInvis .   a - +0 spear
rCold    . . .     Gourm    .   (no shield)
rNeg     . . .     Faith    .   (armour unavailable)
rPois    .         Spirit   .   (helmet restricted)
rElec    .         Reflect  .   (no cloak)
rCorr    .         Harm     .   (no gloves)
MR       .....                  (no boots)
Stlth    ..........             (no amulet)
HPRegen  0.16/turn              (no ring)
MPRegen  0.08/turn              (no ring)

@: berserking, very quick
A: unfitting armour, cold-blooded, AC +5
a: Berserk, Trog's Hand, Renounce Religion


You were on level 2 of the Dungeon.
You worshipped Trog.
Trog was pleased with you.
You were not hungry.

You visited 1 branch of the dungeon, and saw 2 of its levels.

You collected 94 gold pieces.

Inventory:

Hand Weapons
 a - a +0 spear (weapon)
Scrolls
 c - 3 scrolls of remove curse {unknown}
 f - a scroll of immolation {unknown}
 h - a scroll of blinking {unknown}
 j - a scroll of fog {unknown}
 l - a scroll of amnesia {unknown}
 n - a scroll of enchant armour {unknown}
Potions
 d - a potion of flight {unknown}
 e - a potion of heal wounds {unknown}
 g - a potion of mutation {unknown}
 i - a potion of curing {unknown}
 k - a potion of might {unknown}
Comestibles
 b - 4 rations


   Skills:
 + Level 3.7 Fighting
 + Level 3.8 Polearms
 + Level 3.2 Dodging
 + Level 0.5 Stealth


You had 2 spell levels left.
You didn't know any spells.
Your spell library was empty.

Dungeon Overview and Level Annotations

Branches:
Dungeon (2/15)

Altars:
Trog


Innate Abilities, Weirdness & Mutations

Your plain brown scales are hard. (AC +5)
You cannot fit into any form of body armour.
You are cold-blooded and may be slowed by cold attacks.


Message History

You kill the rat!
Trog accepts your kill.
The moth of wrath goads the worm on!
The worm goes berserk!
You hit the worm.
The worm is moderately wounded.
The worm bites you!
You hit the worm.
The worm is heavily wounded.
The worm barely misses you.
You hit the worm but do no damage.
The worm is moderately wounded.
The worm misses you.
You hit the worm. You tail-slap the worm.
The worm is heavily wounded.
The worm bites you!
* * * LOW HITPOINT WARNING * * *
A red film seems to cover your vision as you go berserk!
You feel yourself moving faster!
You feel mighty!
You feel quite a bit more hungry. The worm bites you!
You die...

####.###........#
#(......^#####.##
#.#...########รท##
#..#####....###.##
#..#
##.......##.##
#..###........
##.##
#####.#.##....#...
#..##
........##...###.r
#..+.
#######.@w...#y#._
#..##
#...##...###.w
#.##
#.####....#... ###
#. #........ #
##....... #....##
######.#####
##.#...##
##........


You could see a moth of wrath and a worm (berserk).

Vanquished Creatures
  An adder (D:2)
  An ooze (D:1)
  2 dart slugs (D:1)
  A leopard gecko (D:1)
  4 giant cockroaches
  A goblin (D:1)
  2 hobgoblins
  3 jackals (D:1)
  8 kobolds
  4 bats
  2 frilled lizards (D:1)
  8 rats
37 creatures vanquished.

Notes
Turn   | Place    | Note
-------+----------+-------------------------------------------
     0 | D:1      | Askren the Draconian Berserker began the quest for the Orb.
     0 | D:1      | Reached XP level 1. HP: 19/19 MP: 1/1
   142 | D:1      | Reached XP level 2. HP: 21/26 MP: 2/2
   740 | D:1      | Reached ** piety under Trog
   744 | D:1      | Reached XP level 3. HP: 31/31 MP: 3/3
  1370 | D:2      | Noticed a moth of wrath
  1372 | D:2      | Found a bloodstained altar of Trog.
  1389 | D:2      | Slain by a worm

Illustrated notes

Levels and vault maps discovered:
D:1:      eino_arrival_water_cross, layout_rooms, grunt_decor_mini_mirrors,
          kennysheep_small_spiral
D:2:      layout_loops_corners, tgw_trog, overflow_temple_1_default,
          overflow_temple_1_default, first_ration

Skill      XL: |  1  2 |
---------------+-------+-----
Dodging        | 3 |  3.2
Fighting       | |  3.7
Polearms       | |  3.8
Stealth        | |  0.5

Action                   || total
-------------------------++-------
Melee: Spear             ||   127
       Tailslap          ||    20
Invok: Berserk           ||     1
 Stab: Sleeping          ||     1
  Eat: Chunk             ||     2
Armor: Skin              ||    35
Dodge: Dodged            ||    98
